 Dungeon Crawl Stone Soup version 0.20.1-1-g8b1a95d (webtiles) character file.

308 vatarom the Chopper (level 6, 0/42 HPs)
             Began as a Demonspawn Chaos Knight on Sept 1, 2017.
             Succumbed to Edmund's poison
             ... on level 3 of the Dungeon.
             The game lasted 00:05:23 (2727 turns).

vatarom the Chopper (Demonspawn Chaos Knight)       Turns: 2727, Time: 00:05:24

Health: 0/42       AC:  5    Str: 15    XL:     6   Next: 17%
Magic:  1/6        EV: 11    Int: 17    God:    Xom [..*...]
Gold:   113        SH:  0    Dex: 15    Spells: 5/5 levels left

rFire    . . .     SeeInvis .   a - +2 hand axe (chaos)
rCold    + . .     Gourm    .   (no shield)
rNeg     . . .     Faith    .   b - +2 leather armour
rPois    .         Spirit   +   (no helmet)
rElec    .         Reflect  .   e - scarf {cloud immunity}
rCorr    .         Harm     .   (no gloves)
MR       .....                  (no boots)
Stlth    ++........             (no amulet)
Regen    0.2/turn               f - +2 ring of strength
MPRegen  0.1/turn               k - ring of protection from cold

@: brilliant, lethally poisoned (0 -> -21)
A: claws 1, thin skeletal structure 1, dopey 1, frail 1, magic shield
a: Renounce Religion


You were on level 3 of the Dungeon.
You worshipped Xom.
You were a toy of Xom.
You were not hungry.

You visited 1 branch of the dungeon, and saw 4 of its levels.

You collected 113 gold pieces.

Inventory:

Hand Weapons
 a - a +2 hand axe of chaos (weapon)
Armour
 b - a +2 leather armour (worn)
 e - a scarf of cloud immunity (worn)
 l - a +0 shield
Jewellery
 f - a +2 ring of strength (left claw)
 k - a ring of protection from cold (right claw)
Scrolls
 d - 3 scrolls of teleportation
 i - a scroll of recharging
 n - a scroll of identify
 q - 2 scrolls of blinking
Potions
 g - a potion of magic
 j - a potion of brilliance
Comestibles
 c - 2 bread rations
 h - 3 meat rations
 m - 2 chunks of flesh
 o - a fruit


   Skills:
 + Level 3.0 Fighting
 - Level 6.3 Axes
 * Level 1.7 Armour
 - Level 0.8 Dodging


You had 5 spell levels left.
You didn't know any spells.

Dungeon Overview and Level Annotations

Branches:
Dungeon (4/15)
 Temple: D:4-7

Altars:
Dithmenos
Elyvilon
Gozag
Kikubaaqudgha
Okawaru
Uskayaw
Xom
The Shining One

Annotations:
D:3 Edmund
D:4 Menkaure


Innate Abilities, Weirdness & Mutations

You have sharp fingernails.
You have a somewhat thin skeletal structure. (Dex +2, Stealth)
When hurt, damage is shared between your health and your magic reserves.
You are dopey. (Int -2)
You are frail. (-10% HP)


Message History

* * * LOW HITPOINT WARNING * * *
You are lethally poisoned!
There is an open door here.
* * * LOW HITPOINT WARNING * * *
You feel sick.
Edmund looks more healthy.
Okay, then.
Okay, then.
* * * LOW HITPOINT WARNING * * *
You feel sick. Edmund hits you with a flail of venom.
* * * LOW HITPOINT WARNING * * *
You are more poisoned.
There is an open door here.
Unknown command.
You hit Edmund.
You feel better.
Edmund is moderately wounded.
* * * LOW HITPOINT WARNING * * *
You feel sick. Edmund hits you with a flail of venom.
* * * LOW HITPOINT WARNING * * *
You die...
Xom titters!

.# #.#####...#### #.
.###.#<........#################.
.................................
.#.#.#.#######.#####.###.#######.
.#.#.........#.......# #.........
.#.###.#####.####################
.#.....# #.....................
.###############.....###.......##
>.............@'@....)(......#.#.
################.....###.......#.
#.....# #####...#. #.....# #...##
#.....### #.#... ####....# #.#..#
#....# #.##.. ### #....#####.##..
#.## #..........##..


You could see Edmund.

Vanquished Creatures
  An ice beast (D:3)
  A crimson imp (D:3)
  An orc wizard (D:3)
  An iguana (D:3)
  2 adders
  2 oozes (D:1)
  4 worms
  2 dart slugs
  3 leopard geckos
  5 orcs (D:3)
  5 giant cockroaches
  6 goblins
  12 hobgoblins
  9 jackals
  7 kobolds
  A quokka (D:3)
  9 bats
  3 frilled lizards
  9 rats
  2 plants (D:2)
85 creatures vanquished.

Notes
Turn   | Place    | Note
-------+----------+-------------------------------------------
     0 | D:1      | vatarom the Demonspawn Chaos Knight began the quest for the Orb.
     0 | D:1      | Reached XP level 1. HP: 18/18 MP: 1/1
    10 | D:1      | Reached skill level 3 in Axes
    16 | D:1      | Gained mutation: When hurt, damage is shared between your health and your magic reserves. [demonic ancestry]
    16 | D:1      | Reached XP level 2. HP: 20/24 MP: 2/2
   414 | D:1      | Gained mutation: You have sharp fingernails. [demonic ancestry]
   414 | D:1      | Reached XP level 3. HP: 29/29 MP: 3/3
   470 | D:1      | XOM: divination: magic mapping
   642 | D:1      | XOM: harmless Tmut miscast
   758 | D:2      | Reached skill level 4 in Axes
   859 | D:2      | Found an ancient bone altar of Kikubaaqudgha.
   860 | D:2      | Found a hide-covered altar of Uskayaw.
   973 | D:2      | Reached XP level 4. HP: 29/35 MP: 2/4
  1183 | D:2      | Found an iron altar of Okawaru.
  1208 | D:2      | XOM: mild Erth miscast
  1241 | D:2      | XOM: noise
  1593 | D:2      | Found an opulent altar of Gozag.
  1595 | D:2      | Found a white marble altar of Elyvilon.
  1787 | D:3      | XOM: butterfly on damage
  1811 | D:3      | Reached skill level 5 in Axes
  1814 | D:3      | HP: 1/35 [rat (1)]
  1836 | D:3      | Found a glowing golden altar of the Shining One.
  2160 | D:3      | XOM: give mutations
  2160 | D:3      | Gained mutation: You are frail. (-10% HP) [Xom's mischief]
  2160 | D:3      | Lost mutation: You are frail. (-10% HP) [Xom's mischief]
  2160 | D:3      | Gained mutation: You are dopey. (Int -2) [Xom's mischief]
  2160 | D:3      | Gained mutation: You are frail. (-10% HP) [Xom's mischief]
  2170 | D:3      | Found a shimmering altar of Xom.
  2177 | D:3      | Reached XP level 5. HP: 36/36 MP: 3/5
  2178 | D:3      | Found a shadowy altar of Dithmenos.
  2407 | D:3      | XOM: potion effect (berserk rage)
  2437 | D:3      | Noticed an ice beast
  2439 | D:3      | XOM: noise
  2453 | D:3      | Killed an ice beast
  2453 | D:3      | Reached skill level 6 in Axes
  2453 | D:3      | Gained mutation: You have a somewhat thin skeletal structure. (Dex +2, Stealth) [demonic ancestry]
  2453 | D:3      | Reached XP level 6. HP: 29/42 MP: 1/6
  2697 | D:4      | Noticed Edmund
  2700 | D:4      | Noticed Menkaure
  2711 | D:3      | XOM: potion effect (brilliance)
  2722 | D:3      | XOM: potion effect (brilliance)
  2726 | D:3      | HP: 1/42 [Edmund/flail of venom (3)]
  2727 | D:3      | Succumbed to Edmund's poison

Skill      XL: |  1  2  3  4  5 |
---------------+----------------+-----
Axes           | 3 4 5 6 |  6.3
Fighting       | |  3.0
Armour         | |  1.7
Dodging        | |  0.8

Action                   |  1- 3 |  4- 6 || total
-------------------------+-------+-------++-------
Melee: Hand axe          |    72 |   166 ||   238
  Use: Scroll            |     7 |     2 ||     9
       Potion            |     1 |     4 ||     5
 Stab: Paralysed         |     1 |     1 ||     2
       Invisible         |       |     1 ||     1
       Petrified         |       |     1 ||     1
       Sleeping          |       |     1 ||     1
       Distracted        |       |     1 ||     1
  Eat: Chunk             |       |     3 ||     3
       Bread ration      |       |     1 ||     1
Armor: Leather armour    |    32 |    59 ||    91
Dodge: Dodged            |    38 |   103 ||   141
